 Dungeon Crawl Stone Soup version 0.20.1-1-g8b1a95d (webtiles) character file.

323 Blomdor the Skirmisher (level 6, 0/53 HPs)
             Began as a Barachi Conjurer on Sept 18, 2017.
             Slain by an orc wizard
             ... wielding a +0 dagger
              (3 damage)
             ... on level 5 of the Dungeon.
             The game lasted 00:08:24 (3009 turns).

Blomdor the Skirmisher (Barachi Conjurer)           Turns: 3009, Time: 00:08:25

Health: 0/53       AC:  3    Str: 11    XL:     6   Next: 47%
Magic:  9/9        EV: 12    Int: 15    God:
Gold:   147        SH:  4    Dex: 13    Spells: 8/9 levels left

rFire    . . .     SeeInvis .   q - +2 mace (drain)
rCold    + . .     Gourm    .   (no shield)
rNeg     . . .     Faith    .   a - +1 robe
rPois    .         Spirit   .   (no helmet)
rElec    .         Reflect  .   (no cloak)
rCorr    .         Harm     .   (no gloves)
MR       .....                  (no boots)
Stlth    ++........             (no amulet)
Regen    0.2/turn               (no ring)
MPRegen  0.2/turn               (no ring)

@: can't hop, slow
A: +LOS, swims, large bone plates 1, cold resistance 1, slowness 1, wild magic
1, strong legs 1
a: Hop


You were on level 5 of the Dungeon.
You were hungry.

You visited 1 branch of the dungeon, and saw 5 of its levels.

You collected 147 gold pieces.

Inventory:

Hand Weapons
 k - a +5 scythe of venom
 q - a +2 mace of draining (weapon)
Armour
 a - a +1 robe (worn)
Wands
 p - a wand of flame (18/48)
Scrolls
 g - 2 scrolls of fear
 l - a scroll of remove curse
Potions
 d - a potion of mutation
 i - a potion of flight
 m - a potion of invisibility
 n - a potion of ambrosia {unknown}
 o - 2 potions of haste
 r - a potion of degeneration {unknown}
Books
 b - a book of Conjurations

   Spells                             Type                      Level
   a - Magic Dart                     Conjuration                  1
   b - Searing Ray                    Conjuration                  2
   c - Dazzling Spray                 Conjuration/Hexes            3
   d - Fulminant Prism                Conjuration/Hexes            4
   e - Force Lance                    Conjuration/Translocation    4
   f - Iskenderun's Mystic Blast      Conjuration                  4
Comestibles
 c - 5 bread rations
 f - a chunk of flesh
 h - a fruit


   Skills:
 * Level 6.3 Fighting
 + Level 3.6 Armour
 - Level 2.1 Dodging
 - Level 1.7 Stealth
 - Level 2.1 Spellcasting
 - Level 4.3 Conjurations


You had 8 spell levels left.
You knew the following spells:

 Your Spells              Type           Power        Failure   Level  Hunger
a - Magic Dart            Conj           ###.         6%          1    #......


Dungeon Overview and Level Annotations

Branches:
Dungeon (5/15)
 Temple: D:4-7

Altars:
Gozag

Portals:
Ossuary: D:5


Innate Abilities, Weirdness & Mutations

Shadows flee at your approach. (+LOS)
You can swim through water.
You cover ground slowly.
You can hop short distances.
You are partially covered in large bone plates. (SH +4)
Your flesh is cold resistant. (rC+)
Your spells are a little harder to cast, but a little more powerful.


Message History

Something hits you but does no damage. The kobold zombie hits you.
* * * LOW HITPOINT WARNING * * *
The adder misses you.
Unknown command.
You sock the adder!
You kill the adder!
You hear some strange, mumbled words.
A puff of flame appears from out of thin air!
The puff of flame hits you!
* * * LOW HITPOINT WARNING * * *
The kobold zombie hits you.
* * * LOW HITPOINT WARNING * * *
Something hits you.
* * * LOW HITPOINT WARNING * * *
The kobold zombie hits you but does no damage.
Okay, then.
You closely miss something. Something hits you.
* * * LOW HITPOINT WARNING * * *
Something hits you.
You die...

# ######
#.####.####.....#
........<.@..$..#
.<###.....Z†.....#
#......#####.#
#........
#######>## .. ∩..
.... ...##


You could see a kobold zombie.

Vanquished Creatures
  Sigmund (D:3)
  Jessica (D:2)
  A worker ant (D:4)
  3 adders
  An ooze (D:1)
  3 worms
  A dart slug (D:2)
  A leopard gecko (D:2)
  An orc (D:3)
  9 bats
  4 giant cockroaches
  7 goblins
  6 hobgoblins
  8 jackals
  A quokka (D:2)
  A ball python (D:1)
  5 frilled lizards
  8 kobolds
  9 rats
71 creatures vanquished.

Notes
Turn   | Place    | Note
-------+----------+-------------------------------------------
     0 | D:1      | Blomdor the Barachi Conjurer began the quest for the Orb.
     0 | D:1      | Reached XP level 1. HP: 13/13 MP: 3/3
    57 | D:1      | Reached skill level 1 in Fighting
   273 | D:1      | Reached XP level 2. HP: 22/22 MP: 5/5
   278 | D:1      | Reached skill level 2 in Fighting
   964 | D:1      | Reached skill level 3 in Fighting
   968 | D:1      | Reached XP level 3. HP: 29/29 MP: 6/6
  1345 | D:2      | Reached skill level 1 in Armour
  1523 | D:2      | Noticed Jessica
  1533 | D:2      | Killed Jessica
  1533 | D:2      | Reached skill level 4 in Fighting
  1533 | D:2      | Reached XP level 4. HP: 19/37 MP: 3/7
  2367 | D:3      | Found an opulent altar of Gozag.
  2440 | D:3      | Reached XP level 5. HP: 32/43 MP: 8/8
  2449 | D:3      | Noticed Sigmund
  2516 | D:3      | Gained mutation: You are partially covered in large bone plates. (SH +4) [potion of mutation]
  2516 | D:3      | Gained mutation: Your spells are a little harder to cast, but a little more powerful. [potion of mutation]
  2516 | D:3      | Gained mutation: Your flesh is cold resistant. (rC+) [potion of mutation]
  2526 | D:3      | Killed Sigmund
  2526 | D:3      | Reached skill level 6 in Fighting
  2526 | D:3      | Reached XP level 6. HP: 39/52 MP: 9/9
  3000 | D:5      | Entered Level 5 of the Dungeon
  3001 | D:5      | Found a sand-covered staircase.
  3009 | D:5      | Slain by an orc wizard

Skill      XL: |  1  2  3  4  5 |
---------------+----------------+-----
Fighting       | 1 3 4 6 |  6.3
Armour         | 1 2 3 |  3.6
Dodging        | |  2.1
Stealth        | |  1.7
Spellcasting   | |  2.1
Conjurations   | |  4.3

Action                   |  1- 3 |  4- 6 || total
-------------------------+-------+-------++-------
Melee: Spear             |   124 |    67 ||   191
       Unarmed           |     7 |       ||     7
       Mace              |       |    35 ||    35
 Cast: Magic Dart        |    13 |    27 ||    40
 Abil: Hop               |       |     2 ||     2
  Use: Potion            |       |     7 ||     7
       Scroll            |       |     5 ||     5
 Stab: Sleeping          |     6 |     4 ||    10
       Distracted        |       |     1 ||     1
       Invisible         |       |     1 ||     1
  Eat: Chunk             |     3 |     5 ||     8
Armor: Robe              |    26 |    20 ||    46
Dodge: Dodged            |    71 |    65 ||   136
Block: Other             |       |     6 ||     6
